 Dungeon Crawl Stone Soup version 0.29.0-13-gc9e81de378 (webtiles) character file.

Game seed: 14654443166758838942

1036 Strat the Cleaver (level 8, -5/69 HPs)
             Began as a Hill Orc Abyssal Knight on Sept 9, 2022.
             Was a Priest of Lugonu.
             Slain by Menkaure (16 damage)
             ... on level 5 of the Dungeon.
             The game lasted 00:09:07 (7352 turns).

Strat the Cleaver (Hill Orc Abyssal Knight)         Turns: 7352, Time: 00:09:08

Health: -5/69      AC: 14    Str: 18    XL:     8   Next: 24%
Magic:  10/10      EV:  7    Int: 10    God:    Lugonu [***...]
Gold:   354        SH:  0    Dex: 11    Spells: 7/7 levels left

rFire   . . .      SeeInvis .   b - +0 war axe (drain)
rCold   . . .      Faith    .   (no shield)
rNeg    . . .      Spirit   .   p - +0 chain mail
rPois   .          Reflect  .   (no helmet)
rElec   .          Harm     .   n - +0 cloak
rCorr   .          Rampage  .   s - +2 pair of gloves
Will    .....                   (no boots)
Stlth   ..........              (no amulet)
HPRegen 0.21/turn               (no ring)
MPRegen 0.12/turn               (no ring)

@: no status effects
A: no striking features
a: Renounce Religion, Depart the Abyss, Bend Space, Banish


You were on level 5 of the Dungeon.
You worshipped Lugonu.
Lugonu was most pleased with you.
You visited 1 branch of the dungeon, and saw 6 of its levels.
You visited the Abyss 1 time.

You collected 354 gold pieces.

Inventory:

Hand Weapons
 a - a +1 hand axe
 b - a +0 war axe of draining (weapon)
Missiles
 g - 6 poisoned darts (quivered)
Armour
 n - a +0 cloak (worn)
 p - a +0 chain mail (worn)
 q - a +0 leather armour
 s - a +2 pair of gloves (worn)
Wands
 l - a wand of polymorph (7)
Scrolls
 d - 2 scrolls of fear
 f - a scroll of immolation
 j - a scroll of poison
 k - a scroll of enchant armour
 o - 3 scrolls of teleportation
Potions
 e - a potion of invisibility
 h - 2 potions of attraction
 m - 2 potions of mutation


   Skills:
 + Level 5.5 Fighting
 + Level 10.3 Axes
 + Level 4.5 Armour
 - Level 0.7 Dodging
 + Level 3.4 Invocations


You had 7 spell levels left.
You didn't know any spells.
Your spell library contained the following spells:

 Spells                   Type           Power      Damage    Failure   Level
 Portal Projectile        Hex/Tloc       0%         N/A       100%        3
 Tukima's Dance           Hex            0%         N/A       100%        3
 Blade Hands              Tmut           0%         N/A       100%        5


Dungeon Overview and Level Annotations

Branches:
Dungeon (6/15)
 Temple: D:4-7

Altars:
Gozag
Lugonu

Shops:
D:5 ?:!   D:6 *

Portals:
Abyss: D:4

Annotations:
D:5 Menkaure


Message History

* * * LOW HITPOINT WARNING * * *
You feel much better. Menkaure hits you but does no damage.
You hit Menkaure.
Menkaure is moderately damaged.
Menkaure hits you!
* * * LOW HITPOINT WARNING * * *
You slash Menkaure!
Menkaure is severely damaged.
Menkaure hits you!
* * * LOW HITPOINT WARNING * * *
You hit Menkaure but do no damage.
Menkaure is severely damaged.
Menkaure grins.
Menkaure completely misses you.
You hit Menkaure but do no damage.
Menkaure is severely damaged.
Menkaure hits you!
* * * LOW HITPOINT WARNING * * *
Menkaure hits you.
* * * LOW HITPOINT WARNING * * *
Unknown command.
You feel better. Menkaure hits you!
* * * LOW HITPOINT WARNING * * *
You feel better.
Menkaure calls on the powers of darkness!
Your body is wracked with pain!
* * * LOW HITPOINT WARNING * * *
You feel better. Menkaure barely misses you.
You barely miss Menkaure.
Menkaure is severely damaged.
Menkaure hits you but does no damage.
You slash Menkaure!
Menkaure is almost destroyed.
Menkaure hits you!
* * * LOW HITPOINT WARNING * * *
Menkaure barely misses you.
You closely miss Menkaure.
Menkaure is almost destroyed.
Menkaure hits you!
You die...

. ............ #### #........
...###........†... ...#
#...#....#...#.#....########
##.####.......... #.#............
......#...#..#.. #.#.....#######
##.##.##....... ###.#####.##..[..
##..#.# ..... #..........#.....
##....#####''####..........#.....
###...#.##......@..........#.....
......#.##.....M.................
####....##.......................
#....###......................
#.#..# #.#..............#.....
#.#..# #.#..............###.##
#.#..###...........#.#.## #.#
#.##..##.###)#.###.#.#.####.#
#.##.....# #.#.# #...#.#....#


You could see Menkaure (fast).

Vanquished Creatures
  An ice beast (D:4)
  A black bear (D:5)
  An ogre (D:5)
  2 phantoms (D:5)
  Blork the orc (D:4)
  4 scorpions
  3 hounds
  A jelly (D:4)
  A gnoll (D:5)
  10 adders
  A white imp (D:4)
  2 ufetubi (D:5)
  3 worms
  3 orcs (D:3)
  7 ball pythons
  6 endoplasms
  7 giant cockroaches
  5 goblins
  10 hobgoblins
  10 jackals
  A quokka (D:1)
  4 bats
  3 frilled lizards
  6 kobolds
  A rat (D:1)
  3 toadstools (D:1)
97 creatures vanquished.

Vanquished Creatures (others)
  2 demonic plants (D:1)
  A lurking horror (D:4)
  A toadstool (D:1)
4 creatures vanquished.

Grand Total: 101 creatures vanquished

Notes
Turn   | Place    | Note
-------+----------+-------------------------------------------
     0 | Abyss:1  | Strat the Hill Orc Abyssal Knight began the quest for the
                  | Orb.
     0 | Abyss:1  | Reached XP level 1. HP: 19/19 MP: 2/2
     1 | D:1      | Escaped the Abyss
    81 | D:1      | Reached skill level 3 in Axes
   240 | D:1      | Reached XP level 2. HP: 26/26 MP: 3/3
   433 | D:1      | Reached skill level 4 in Axes
   886 | D:1      | Reached XP level 3. HP: 27/31 MP: 4/4
  1044 | D:1      | Reached *** piety under Lugonu
  1256 | D:1      | Found a faded altar of an unknown god.
  1256 | D:1      | Noticed a green death
  1436 | D:2      | Reached skill level 5 in Axes
  1559 | D:2      | Reached XP level 4. HP: 3/39 MP: 5/5
  2469 | D:2      | Reached skill level 6 in Axes
  4018 | D:4      | Reached XP level 5. HP: 37/46 MP: 6/6
  4317 | D:4      | Noticed Blork the orc
  4675 | D:4      | Reached XP level 6. HP: 53/53 MP: 7/7
  4694 | D:4      | Killed Blork the orc
  4695 | D:4      | Reached skill level 7 in Axes
  4893 | D:4      | Found a corrupted altar of Lugonu.
  5089 | D:4      | Reached skill level 5 in Fighting
  5721 | D:4      | Found a one-way gate to the infinite horrors of the Abyss.
  5908 | D:4      | You fall into a shaft and drop 2 floors!
  5908 | D:6      | Found Gozag's Platinum Reserve.
  5908 | D:6      | Found an opulent altar of Gozag.
  5944 | D:5      | Entered Level 5 of the Dungeon
  5983 | D:5      | Found Meosof's Book Shoppe.
  5994 | D:5      | Reached skill level 8 in Axes
  5994 | D:5      | Reached XP level 7. HP: 56/61 MP: 8/8
  6072 | D:5      | Found Moiruir's Distillery.
  6078 | D:5      | Reached skill level 9 in Axes
  6584 | D:5      | Reached skill level 10 in Axes
  6772 | D:5      | Reached XP level 8. HP: 67/68 MP: 10/10
  6945 | D:5      | Found Rabba's Magic Scroll Shoppe.
  6959 | D:5      | Noticed Menkaure
  7352 | D:5      | Slain by Menkaure

Illustrated notes

Levels and vault maps discovered:
D:1:      ldierk_water_garden, layout_basic,
          dreamdust_ecumenical_altar_sealed_demon
D:2:      layout_basic, corexii_item_surrounded_by_moat
D:3:      layout_basic
D:4:      minmay_chambers_of_twos, layout_basic, serial_co_window_serial,
          co_window_paths_a, co_window_of_opportunity_a, co_window_cross_1,
          co_window_of_opportunity_a, co_window_corner_a, co_window_cross_4,
          co_window_corner_b, co_window_corner_b, co_window_broadway_b,
          glass_columns_a, glass_columns_a, amcnicky_altar_lugonu_corruption,
          uniq_blork_the_orc
D:5:      layout_basic, minmay_overflow_temple_hex, serial_shops, shop, shop,
          nicolae_shop_advertising_works [nicolae_subvault_shop_adworks],
          minmay_misc_feat_cross, uniq_menkaure
D:6:      layout_basic, nicolae_gozag_zags_fifth_avenue,
          nicolae_uskayaw_dance_studio, minmay_temple_entry_mini_moons,
          kennysheep_nondescript

Skill      XL: |  1  2  3  4  5  6  7  8 |
---------------+-------------------------+-----
Axes           | 3 4 5 6 8 10 | 10.3
Fighting       | 4 5 |  5.5
Armour         | 3 4 |  4.5
Invocations    | 3 |  3.4
Dodging        | |  0.7

Action                   |  1- 3 |  4- 6 |  7- 9 || total
-------------------------+-------+-------+-------++-------
Melee: Hand axe          |   134 |    75 |       ||   209
       Punch             |     3 |     1 |       ||     4
       War axe           |       |   109 |    97 ||   206
Throw: Dart              |     3 |       |       ||     3
  Use: Potion            |     1 |     2 |     4 ||     7
       Scroll            |       |    13 |     1 ||    14
Armor: Leather armour    |    40 |    18 |       ||    58
       Chain mail        |       |    72 |    54 ||   126
Dodge: Dodged            |   131 |    89 |    41 ||   261
